 Dungeon Crawl Stone Soup version 0.31.0-11-ge490571c62 (webtiles) character file.

Game seed: 7741429796633409245

48 DildoBatman the Conjurer (level 4, 0/32 HPs)
             Began as a Formicid Conjurer on Feb 10, 2024.
             Slain by an orc
             ... wielding a +0 club
              (3 damage)
             ... on level 3 of the Dungeon.
             The game lasted 00:06:58 (1434 turns).

DildoBatman the Conjurer (Formicid Conjurer)        Turns: 1434, Time: 00:06:58

Health: 0/32       AC:  3    Str: 12    XL:     4   Next: 0%
Magic:  4/8        EV: 12    Int: 25    God:
Gold:   105        SH:  0    Dex: 12    Spells: 5/8 levels left

rFire   . . .        f - +0 short sword
rCold   . . .        (no shield)
rNeg    . . .        a - +0 robe
rPois   .            (helmet unavailable)
rElec   .            n - +0 cloak
rCorr   .            (no gloves)
SInv    +            (no boots)
Will    .....        (no amulet)
Stlth   ++           j - +6 ring of intelligence
HPRegen 0.25/turn    (no ring)
MPRegen 0.11/turn

%: no passive effects
@: no status effects
A: permanent stasis, dig shafts and tunnels, antennae 3, four strong arms
a: Dig, Shaft Self


You were on level 3 of the Dungeon.
You visited 1 branch of the dungeon, and saw 3 of its levels.

You collected 105 gold pieces.

Inventory:

Hand Weapons
 f - a +0 short sword (weapon)
Missiles
 d - 10 poisoned darts
 e - 31 stones
 r - 2 darts of dispersal
 t - 6 atropa-tipped darts
Armour
 a - a +0 robe (worn)
 n - a +0 cloak (worn)
Jewellery
 j - a +6 ring of intelligence (left hand)
Talismans
 c - a granite talisman
 i - a blade talisman
Wands
 v - a wand of polymorph (4)
Scrolls
 g - 2 scrolls of identify {unknown}
 h - a scroll of fog {unknown}
 q - 3 scrolls of revelation {unknown}
 s - a scroll of noise {unknown}
Potions
 b - a potion of magic
 k - a potion of haste {unknown}
 l - a potion of enlightenment {unknown}
 m - a potion of mutation {unknown}
 o - 2 potions of cancellation {unknown}
 p - 2 potions of lignification {unknown}
 u - 2 potions of might {unknown}


   Skills:
 + Level 1.2 Fighting
 + Level 1.3 Armour
 - Level 2.0 Dodging
 - Level 3.0 Stealth
 + Level 2.7 Spellcasting
 + Level 3.8 Conjurations


You had 5 spell levels left.
You knew the following spells:

 Your Spells              Type           Power      Damage    Failure   Level
a - Searing Ray           Conj           44%        2d6       3%          2
c - Magic Dart            Conj           88%        1d7       2%          1

Your spell library contained the following spells:

 Spells                   Type           Power      Damage    Failure   Level
 Momentum Strike          Conj/Tloc      26%        3d8       7%          2
 Lesser Beckoning         Tloc           6%         N/A       16%         2
 Fulminant Prism          Conj/Alch      6%         3d7       43%         4
 Iskenderun's Mystic Bla  Conj/Tloc      13%        2d5       43%         4
 Blink                    Tloc           Unusable   N/A       N/A         2

Dungeon Overview and Level Annotations

Branches:
Dungeon (3/15)

Altars:

Shops:
D:1 *


Innate Abilities, Weirdness & Mutations

You cannot be hasted, slowed, berserked, paralysed or teleported.
You can dig through walls and to a lower floor.
You have a pair of large antennae on your head. (SInv)
Your four strong arms can wield two-handed weapons with a shield.


Message History

You shout for attention!
The endoplasm freezes you.
You are frozen.
The orc hits you with a +0 club. What are your orders? t - Shout!
Orders for allies: a - Attack new target. r - Retreat! s - Stop attacking. g - Guard the area. f - Follow me.
Anything else - Cancel.
You shout for attention!
The orc misses you. The endoplasm closely misses you.
What are your orders? t - Shout!
Orders for allies: a - Attack new target. r - Retreat! s - Stop attacking. g - Guard the area. f - Follow me.
Anything else - Cancel.
You shout for attention!
The orc misses you. The endoplasm barely misses you.
What are your orders? t - Shout!
Orders for allies: a - Attack new target. r - Retreat! s - Stop attacking. g - Guard the area. f - Follow me.
Anything else - Cancel.
You shout for attention!
The orc barely misses you. The endoplasm barely misses you.
What are your orders? t - Shout!
Orders for allies: a - Attack new target. r - Retreat! s - Stop attacking. g - Guard the area. f - Follow me.
Anything else - Cancel.
You shout for attention!
The orc hits you with a +0 club.
You die...

#####
#...#
#...#
#...##
#.@..#
#Jo.......
#...######
#...#
#...#
###.. #.
..


You could see an orc and an endoplasm.

Vanquished Creatures
  2 dart slugs (D:2)
  A ball python (D:1)
  4 endoplasms
  3 giant cockroaches
  2 hobgoblins
  4 jackals (D:1)
  3 quokkas (D:1)
  2 bats (D:1)
  A frilled lizard (D:1)
  6 goblins
  6 kobolds
  4 rats
38 creatures vanquished.

Notes
Turn   | Place    | Note
-------+----------+-------------------------------------------
     0 | D:1      | DildoBatman the Formicid Conjurer began the quest for the
                  | Orb.
     0 | D:1      | Reached XP level 1. HP: 13/13 MP: 3/3
   200 | D:1      | Found Vuuqur's Assorted Antiques.
   256 | D:1      | Reached XP level 2. HP: 19/19 MP: 1/5
   259 | D:1      | Learned a level 2 spell: Searing Ray
   500 | D:1      | Reached XP level 3. HP: 25/25 MP: 0/6
   630 | D:1      | Reached skill level 1 in Fighting
   632 | D:1      | Reached skill level 1 in Armour
  1392 | D:2      | Reached XP level 4. HP: 32/32 MP: 0/8
  1434 | D:3      | Slain by an orc

Illustrated notes

Levels and vault maps discovered:
D:1:      minmay_arrival_arboretum_small, layout_basic, serial_shops,
          nicolae_shop_hallway_plus, minmay_cupped
D:2:      layout_basic, uniq_crazy_yiuf_cottage
D:3:      layout_rooms, grunt_ministairs_2

Skill      XL: |  1  2  3 |
---------------+----------+-----
Dodging        | 2 |  2.0
Fighting       | 1 |  1.2
Armour         | 1 |  1.3
Stealth        | 3 |  3.0
Spellcasting   | |  2.7
Conjurations   | |  3.8

Action                     |  1- 3 |  4- 6 || total
---------------------------+-------+-------++-------
  Melee: Short sword       |    39 |       ||    39
   Cast: Magic Dart        |    53 |       ||    53
         Searing Ray       |     2 |       ||     2
Ability: Begin Untransform |     1 |       ||     1
 Armour: Robe              |    26 |    13 ||    39
  Dodge: Dodged            |    30 |    26 ||    56
   Form: Statue            |     1 |       ||     1
